 Dungeon Crawl Stone Soup version 0.29-a0-668-g12ee2bf84d (webtiles) character file.

Game seed: 2615909528847609492

287 blackman the Chopper (level 6, -1/47 HPs)
             Began as a Human Delver on June 23, 2022.
             Slain by a river rat (6 damage)
             ... in a sewer.
             The game lasted 00:05:09 (1695 turns).

blackman the Chopper (Human Delver)                 Turns: 1695, Time: 00:05:10

Health: -1/47      AC:  8    Str: 14    XL:     6   Next: 56%
Magic:  6/6        EV:  6    Int: 10    God:
Gold:   51         SH:  0    Dex: 15    Spells: 5/5 levels left

rFire   . . .      SeeInvis .   a - +0 hand axe
rCold   . . .      Faith    .   (no shield)
rNeg    . . .      Spirit   .   h - +0 chain mail
rPois   .          Reflect  .   (no helmet)
rElec   .          Harm     .   (no cloak)
rCorr   .          Rampage  .   (no gloves)
Will    .....                   (no boots)
Stlth   ..........              (no amulet)
HPRegen 0.15/turn               (no ring)
MPRegen 0.10/turn               (no ring)

@: no status effects
A: no striking features
a: no special abilities


You were in a sewer.
You visited 1 branch of the dungeon, and saw 2 of its levels.
You also visited: Sewer.

You collected 51 gold pieces.

Inventory:

Hand Weapons
 a - a +0 hand axe (weapon)
Armour
 b - a +0 leather armour
 h - a +0 chain mail (worn)
Wands
 d - a wand of mindburst (2)
 g - a wand of digging (3)
Scrolls
 c - a scroll of fog
 e - a scroll of fear
 i - a scroll of torment {unknown}
Potions
 j - 6 potions of flight


   Skills:
 - Level 3.0 Fighting
 + Level 6.4 Axes
 - Level 2.0 Dodging
 - Level 5.0 Stealth


You had 5 spell levels left.
You didn't know any spells.
Your spell library was empty.

Dungeon Overview and Level Annotations

Branches:
Dungeon (5/15)              Sewer (1/1)
 Temple: D:4-7

Altars:
Vehumet


Message History

Moving in this stuff is going to be slow.
The river rat twitches its whiskers.
You enter the shallow water.
Moving in this stuff is going to be slow.
You enter the shallow water.
Moving in this stuff is going to be slow.
The river rat twitches its whiskers.
Your extra speed is starting to run out.
Unknown command.
You barely miss the river rat.
The river rat is moderately wounded.
The river rat bites you but does no damage.
You barely miss the river rat.
The river rat is moderately wounded.
You closely miss the river rat.
You feel yourself slow down.
You hit the river rat.
The river rat is heavily wounded.
You hit the river rat but do no damage. The river rat completely misses you.
The river rat bites you but does no damage.
You hit the river rat but do no damage.
The river rat is heavily wounded.
You closely miss the river rat. The river rat barely misses you.
The river rat bites you.
* * * LOW HITPOINT WARNING * * *
You barely miss the river rat.
The river rat is heavily wounded.
You hit the river rat but do no damage.
The river rat bites you but does no damage.
The river rat bites you.
* * * LOW HITPOINT WARNING * * *
You hit the river rat.
The river rat is severely wounded.
You hit the river rat but do no damage. The river rat barely misses you.
The river rat bites you.
* * * LOW HITPOINT WARNING * * *
You hit the river rat.
You kill the river rat!
You hit the river rat but do no damage. The river rat bites you.
You die...

#≈≈.# #≈≈≈#
#≈≈.#
#≈≈≈#####
#≈≈≈≈≈≈≈≈
#≈≈≈≈≈≈≈≈
#.≈≈≈≈≈≈≈
#≈≈≈#####
#≈≈@# #.r≈#
#.≈≈# #≈≈≈#
#### #.≈≈#
#∩∩# #.≈≈#
#..#
#≈≈≈####..#
#≈≈≈##.#..#
#≈≈≈##.'..+


You could see a river rat.

Vanquished Creatures
  A black bear (D:5)
  A hound (D:4)
  An iguana (D:5)
  A jelly (D:5)
  5 river rats (Sewer)
  5 adders
  A shadow imp (D:5)
  A giant cockroach (Sewer)
  3 jackals (Sewer)
  A kobold (D:4)
  A quokka (Sewer)
  3 ball pythons (Sewer)
  4 bats (Sewer)
  2 frilled lizards (Sewer)
30 creatures vanquished.

Notes
Turn   | Place    | Note
-------+----------+-------------------------------------------
     0 | D:5      | blackman the Human Delver began the quest for the Orb.
     0 | D:5      | Reached XP level 1. HP: 18/18 MP: 1/1
    10 | D:5      | Noticed a black bear
    20 | D:5      | Noticed an iguana
    21 | D:5      | Killed a black bear
    22 | D:5      | Reached skill level 4 in Axes
    22 | D:5      | Reached XP level 2. HP: 7/24 MP: 2/2
    22 | D:5      | Reached XP level 3. HP: 8/29 MP: 3/3
    22 | D:5      | Reached XP level 4. HP: 10/35 MP: 4/4
    25 | D:5      | Reached skill level 5 in Axes
    25 | D:5      | Reached XP level 5. HP: 12/41 MP: 5/5
   513 | D:5      | Found a radiant altar of Vehumet.
   559 | D:4      | Reached XP level 6. HP: 41/47 MP: 6/6
   592 | D:4      | Found a glowing drain.
   616 | Sewer    | Entered a sewer
   635 | Sewer    | Reached skill level 6 in Axes
  1695 | Sewer    | Slain by a river rat

Illustrated notes

Levels and vault maps discovered:
D:4:      layout_rooms, okawaru_ov_weapons_minmay, portal_sewer_entry_d,
          hangedman_decor_clover_reticule, minmay_misc_feat_nine_boxes
D:5:      layout_gridville, vehumet_crystals
Sewer:    sewer_fruit_machine

Skill      XL: |  1  2  3  4  5  6 |
---------------+-------------------+-----
Axes           | 4 5 6 |  6.4
Fighting       | |  3.0
Dodging        | |  2.0
Stealth        | |  5.0

Action                   |  1- 3 |  4- 6 || total
-------------------------+-------+-------++-------
Melee: Hand axe          |       |   155 ||   155
       Punch             |       |     1 ||     1
Evoke: Wand              |     6 |    10 ||    16
  Use: Scroll            |     1 |       ||     1
       Potion            |       |     1 ||     1
Armor: Chain mail        |       |   136 ||   136
Dodge: Dodged            |       |    71 ||    71

Table legend: (Time is in decaauts)
 A = Elapsed time spent in this place.
 B = Non-inter-level travel time spent in this place.
 C = Inter-level travel time spent in this place.
 D = Time resting spent in this place.
 E = Time spent auto-exploring this place.
 F = Levels seen in this place.
 G = Mean time per level.
                   A        B        C        D        E       F      G
               +--------+--------+--------+--------+--------+-----+--------+
         Total |   1734 |   1715 |     19 |    654 |    614 |   3 |  578.0 |
       Dungeon |    621 |    602 |     19 |    162 |    243 |   2 |  310.5 |
         Sewer |   1113 |   1113 |      0 |    492 |    371 |   1 | 1113.0 |
               +--------+--------+--------+--------+--------+-----+--------+

Top non-repeatable levels by time:
   Sewer: 1113 daAuts
     D:5: 526 daAuts
     D:4: 94 daAuts
